 Dungeon Crawl Stone Soup version 0.29-a0-22-gbf593b1 (webtiles) character file.

Game seed: 11761633149238816821

60 Illumine the Chucker (level 4, -2/45 HPs)
             Began as an Ogre Hunter on Jan 29, 2022.
             Slain by an adder (3 damage)
             ... on level 1 of the Dungeon.
             The game lasted 00:02:19 (1931 turns).

Illumine the Chucker (Ogre Hunter)                  Turns: 1931, Time: 00:02:20

Health: -2/45      AC:  3    Str: 16 (18) XL:     4   Next: 4%
Magic:  4/4        EV:  9    Int: 10 (12) God:
Gold:   15         SH:  0    Dex:  8 (9)  Spells: 3/3 levels left

rFire   . . .      SeeInvis .   j - +0 club
rCold   . . .      Faith    .   (no shield)
rNeg    . . .      Spirit   .   b - +0 robe
rPois   .          Reflect  .   (helmet restricted)
rElec   .          Harm     .   (no cloak)
rCorr   .          Rampage  .   (gloves unavailable)
Will    .....                   (boots unavailable)
Stlth   +.........              (no amulet)
HPRegen 0.15/turn               (no ring)
MPRegen 0.09/turn               (no ring)

@: no status effects
A: large, unfitting armour, tough skin 1
a: no special abilities


You were on level 1 of the Dungeon.
You visited 1 branch of the dungeon, and saw 2 of its levels.

You collected 15 gold pieces.

Inventory:

Hand Weapons
 a - a +0 short sword
 j - a +0 club (weapon)
Missiles
 d - a throwing net (quivered)
Armour
 b - a +0 robe (worn)
Scrolls
 e - a scroll of torment {unknown}
 m - a scroll of summoning {unknown}
 n - a scroll of teleportation {unknown}
Potions
 f - a potion of curing {unknown}
 g - a potion of might {unknown}
 h - a potion of haste {unknown}
 i - a potion of mutation {unknown}
 k - a potion of degeneration
 l - a potion of heal wounds {unknown}


   Skills:
 - Level 3.0 Fighting
 * Level 2.6 Maces & Flails
 - Level 4.1 Throwing
 - Level 2.0 Dodging
 - Level 0.8 Stealth


You had 3 spell levels left.
You didn't know any spells.
Your spell library was empty.

Dungeon Overview and Level Annotations

Branches:
Dungeon (2/15)

Altars:

Shops:
D:1 [


Innate Abilities, Weirdness & Mutations

You are too large for most types of armour.
You have tough skin. (AC +1)


Message History

You throw a large rock.
The large rock completely misses the adder.
You feel sick. The adder bites you.
* * * LOW HITPOINT WARNING * * *
You are more poisoned.
The adder poisons you! The adder bites you.
* * * LOW HITPOINT WARNING * * *
The adder bites you.
* * * LOW HITPOINT WARNING * * *
Throw: 2 throwing nets
Press: ? - help, Q - select action Shift-Dir - straight line, f/p - adder
Aim: an adder (heavily wounded, 38% to hit)
You throw a throwing net. The throwing net hits the adder.
The adder is caught in the net!
The adder is heavily wounded.
* * * LOW HITPOINT WARNING * * *
You feel sick.
The adder struggles against the net.
You catch the helpless adder completely off-guard!
You hit the adder.
The adder is severely wounded.
* * * LOW HITPOINT WARNING * * *
You feel sick.
The adder struggles against the net.
You barely miss the adder.
The adder is severely wounded.
* * * LOW HITPOINT WARNING * * *
You feel sick.
The adder struggles against the net. x2
Okay, then.
You barely miss the adder.
The adder is severely wounded.
* * * LOW HITPOINT WARNING * * *
You feel sick.
The adder struggles against the net.
The net rips apart, and the adder comes free!
It was a potion of degeneration.
There was something very wrong with that liquid.
You feel weakened.
You feel dopey.
You feel clumsy.
* * * LOW HITPOINT WARNING * * *
You feel sick.
You are no longer poisoned.
The adder bites you.
You die...

### ###############.#
#...............#
######.#############.#
.#......# #@÷.#.#
.#.###..#
#S#.#.###########
.#...#..#
#.#.#.#.........#
.#.###.)#
#.#.#.#.#######.#
.#.#....#
#.#.#.#.#.....#.#
.#.#....#
#.#.#.#.#.###.#.#
.#.#....# #.#.#.#.#.#
#†#.# .#...#..#
#(#.#.#.#.# #.#.#
.#.#.#..#
###.###.#.#.# #.#.#


You could see an adder.

Vanquished Creatures
  2 adders (D:2)
  A dart slug (D:1)
  5 bats (D:1)
  5 endoplasms
  A giant cockroach (D:1)
  2 goblins (D:2)
  2 hobgoblins (D:1)
  A jackal (D:2)
  3 kobolds (D:1)
  A quokka (D:1)
  8 ball pythons
  4 frilled lizards
  2 rats
37 creatures vanquished.

Notes
Turn   | Place    | Note
-------+----------+-------------------------------------------
     0 | D:1      | Illumine the Ogre Hunter began the quest for the Orb.
     0 | D:1      | Reached XP level 1. HP: 22/22 MP: 1/1
   341 | D:1      | Reached XP level 2. HP: 29/31 MP: 2/2
   551 | D:1      | Found a faded altar of an unknown god.
   597 | D:1      | Reached skill level 1 in Maces & Flails
   757 | D:1      | Found Parhefon's Armour Emporium.
   778 | D:1      | Reached XP level 3. HP: 36/37 MP: 3/3
  1651 | D:2      | Reached XP level 4. HP: 13/45 MP: 4/4
  1930 | D:1      | HP: 2/45 [poisoned by an adder]
  1931 | D:1      | Slain by an adder

Illustrated notes

Levels and vault maps discovered:
D:1:      mrwooster_arrival_arrow, layout_basic, serial_shops,
          nicolae_shop_hallway_plus, shapermc_ecumenical_altar_ellora
D:2:      layout_rooms

Skill      XL: |  1  2  3 |
---------------+----------+-----
Dodging        | 2 |  2.0
Fighting       | 3 |  3.0
Maces & Flails | 1 2 |  2.6
Throwing       | |  4.1
Stealth        | |  0.8

Action                   |  1- 3 |  4- 6 || total
-------------------------+-------+-------++-------
Melee: Short sword       |    26 |       ||    26
       Punch             |     3 |       ||     3
       Club              |    93 |    25 ||   118
Throw: Large rock        |     4 |     5 ||     9
       Throwing net      |       |     1 ||     1
  Use: Potion            |       |     1 ||     1
 Stab: Sleeping          |     3 |       ||     3
       Held in net/web   |       |     1 ||     1
Armor: Robe              |    46 |    16 ||    62
Dodge: Dodged            |    86 |    27 ||   113

Table legend: (Time is in decaauts)
 A = Elapsed time spent in this place.
 B = Non-inter-level travel time spent in this place.
 C = Inter-level travel time spent in this place.
 D = Time resting spent in this place.
 E = Time spent auto-exploring this place.
 F = Levels seen in this place.
 G = Mean time per level.
                   A        B        C        D        E       F      G
               +--------+--------+--------+--------+--------+-----+--------+
         Total |   1969 |   1930 |     39 |    342 |   1188 |   2 |  984.5 |
       Dungeon |   1969 |   1930 |     39 |    342 |   1188 |   2 |  984.5 |
               +--------+--------+--------+--------+--------+-----+--------+

Top non-repeatable levels by time:
     D:1: 1563 daAuts
     D:2: 406 daAuts
